 Dungeon Crawl Stone Soup version 0.24.0-123-gd5b16e6ec5 (webtiles) character file.

Game seed: 10347357566798209351, levelgen mode: deterministic

1306 FishyPogo the Cutter (level 8, -4/61 HPs)
             Began as a Demonspawn Monk on Jan 12, 2020.
             Was an Elder of Okawaru.
             Slain by Edmund
             ... wielding a +6 flail of holy wrath
              (10 damage)
             ... on level 5 of the Dungeon.
             The game lasted 00:20:20 (5693 turns).

FishyPogo the Cutter (Demonspawn Monk)              Turns: 5693, Time: 00:20:20

Health: -4/61      AC: 12    Str: 11 (13) XL:     8   Next: 32%
Magic:  3/9        EV: 14    Int: 14 (16) God:    Okawaru [****..]
Gold:   303        SH:  4    Dex: 15 (16) Spells: 3/7 levels left

rFire    . . .     SeeInvis .   b - +2 short sword (protect)
rCold    . . .     Gourm    .   (no shield)
rNeg     . . .     Faith    +   A - +2 robe
rPois    .         Spirit   .   s - +0 hat
rElec    .         Reflect  .   g - +0 cloak
rCorr    .         Harm     .   (no gloves)
MR       .....                  (no boots)
Stlth    +++.......             D - amulet of faith
HPRegen  0.20/turn              p - +4 ring of intelligence
MPRegen  0.11/turn              (no ring)

@: protection aura, very slightly contaminated
A: claws 2, large bone plates 1
a: Heroism, Renounce Religion


You were on level 5 of the Dungeon.
You worshipped Okawaru.
Okawaru was greatly pleased with you.
You were near starving.

You visited 1 branch of the dungeon, and saw 6 of its levels.

You collected 303 gold pieces.

Inventory:

Hand Weapons
 a - a +3 dagger of speed
 b - a +2 short sword of protection (weapon)
Missiles
 w - 131 stones (quivered)
Armour
 g - a +0 cloak (worn)
 s - a +0 hat (worn)
 A - a +2 robe (worn)
 C - a +0 robe of cold resistance
Jewellery
 l - an uncursed ring of ice
 p - a +4 ring of intelligence (left claw)
 D - an amulet of faith (around neck)
Wands
 r - a wand of digging (4)
 x - a wand of acid (10)
Scrolls
 d - 2 scrolls of noise {unknown}
 f - 3 scrolls of fear {unknown}
 i - 8 scrolls of identify
 j - a scroll of blinking {unknown}
 k - 3 scrolls of teleportation {unknown}
 m - 2 scrolls of fog
 u - a scroll of remove curse
 y - a scroll of immolation {unknown}
 z - a scroll of magic mapping {unknown}
Potions
 h - 2 potions of curing
 n - a potion of resistance
 o - 4 potions of agility {unknown}
 q - a potion of degeneration
 t - a potion of heal wounds
 B - a potion of lignification
 F - a potion of haste {unknown}
Comestibles
 c - 6 rations


   Skills:
 + Level 4.8 Fighting
 * Level 5.2 Short Blades
 + Level 1.8 Throwing
 * Level 3.2 Armour
 - Level 4.0 Dodging
 - Level 5.0 Stealth
 * Level 2.1 Conjurations
 - Level 2.0 Invocations


You had 3 spell levels left.
You knew the following spells:

 Your Spells              Type           Power        Failure   Level  Hunger
a - Magic Dart            Conj           #...         12%         1    ##.....
j - Conjure Flame         Conj/Fire      #.......     50%         3    ####...

Your spell library contained the following spells:

 Spells                   Type           Power        Failure   Level  Hunger
 Blink                    Tloc           N/A          41%         2    ###....
 Call Imp                 Summ           #.......     41%         2    ###....
 Slow                     Hex            #.......     41%         2    ###....
 Mephitic Cloud           Conj/Pois/Air  #.......     54%         3    ####...


Dungeon Overview and Level Annotations

Branches:
Dungeon (6/15)
 Temple: D:4-7

Altars:
Cheibriados
Elyvilon
Kikubaaqudgha
Makhleb
Okawaru
Vehumet
Yredelemnul

Annotations:
D:5 Edmund, Pikel


Innate Abilities, Weirdness & Mutations

You have very sharp fingernails.
You are partially covered in large bone plates. (SH +4)


Message History

Your hair stands on end.
You hit Edmund.
Your weapon exudes an aura of protection.
Edmund is moderately wounded.
Edmund hits you with a +6 flail of holy wrath.
* * * LOW HITPOINT WARNING * * *
You convulse.
* * * LOW HITPOINT WARNING * * *
You hit Edmund but do no damage.
Edmund is moderately wounded.
Edmund hits you but does no damage.
You barely miss Edmund.
Edmund is moderately wounded.
Edmund misses you.
You hit Edmund.
Edmund is heavily wounded.
You hit Edmund.
Edmund is heavily wounded.
Edmund hits you with a +6 flail of holy wrath!
You die...

#.########.# #.#
#.# #.# #.# #.#
#.# #.# #.# #.#
#.####### #.#
#........
#@################
#@...............(
##################


You could see Edmund.

Vanquished Creatures
  Grinder (D:3)
  Sigmund (D:3)
  Duvessa (D:5)
  An ogre (D:5)
  An ice beast (D:4)
  A slave (D:5)
  A centaur (D:5)
  Dowan (D:5)
  2 scorpions
  A howler monkey (D:5)
  A crimson imp (D:5)
  A hound (D:4)
  A centaur skeleton (D:5)
  2 orc priests (D:3)
  3 orc wizards
  3 adders
  2 oozes
  A worm (D:5)
  5 dart slugs
  7 leopard geckos
  17 orcs
  5 bats
  3 giant cockroaches
  8 hobgoblins
  15 jackals
  A quokka (D:4)
  A ball python (D:4)
  3 frilled lizards
  11 goblins
  9 kobolds
  7 rats
117 creatures vanquished.

Vanquished Creatures (others)
  An orc wizard (D:4)
1 creature vanquished.

Grand Total: 118 creatures vanquished

Notes
Turn   | Place    | Note
-------+----------+-------------------------------------------
     0 | D:1      | FishyPogo the Demonspawn Monk began the quest for the Orb.
     0 | D:1      | Reached XP level 1. HP: 18/18 MP: 1/1
   248 | D:1      | Gained mutation: You have sharp fingernails. [demonic
                  | ancestry]
   248 | D:1      | Reached XP level 2. HP: 23/24 MP: 2/2
   357 | D:1      | Reached skill level 1 in Armour
   643 | D:1      | Gained mutation: You are partially covered in large bone
                  | plates. (SH +4) [demonic ancestry]
   643 | D:1      | Reached XP level 3. HP: 29/29 MP: 3/3
   789 | D:2      | Found a radiant altar of Vehumet.
   790 | D:2      | Found a basalt altar of Yredelemnul.
   792 | D:2      | Found an iron altar of Okawaru.
   800 | D:2      | Became a worshipper of Warmaster Okawaru
   800 | D:2      | Reached * piety under Okawaru
   800 | D:2      | Reached ** piety under Okawaru
  1333 | D:2      | Found a burning altar of Makhleb.
  1487 | D:2      | Reached XP level 4. HP: 35/35 MP: 4/4
  2060 | D:3      | Noticed Grinder
  2074 | D:3      | Paralysed by Grinder for 4 turns
  2078 | D:3      | Killed Grinder
  2078 | D:3      | Reached *** piety under Okawaru
  2078 | D:3      | Reached XP level 5. HP: 21/42 MP: 5/5
  2078 | D:3      | Reached XP level 6. HP: 24/48 MP: 6/6
  2200 | D:3      | Found an ancient bone altar of Kikubaaqudgha.
  2324 | D:3      | Found a faded altar of an unknown god.
  2905 | D:3      | Found a white marble altar of Elyvilon.
  2914 | D:3      | Found a snail-covered altar of Cheibriados.
  2942 | D:3      | Noticed Sigmund
  2974 | D:3      | Killed Sigmund
  2974 | D:3      | Reached skill level 1 in Invocations
  2974 | D:3      | Reached XP level 7. HP: 43/54 MP: 5/7
  3570 | D:4      | Reached skill level 1 in Throwing
  3661 | D:4      | Learned a level 3 spell: Conjure Flame
  3944 | D:5      | Entered Level 5 of the Dungeon
  3976 | D:5      | Reached **** piety under Okawaru
  4106 | D:5      | Noticed Dowan
  4107 | D:5      | Noticed Duvessa
  4204 | D:5      | Reached skill level 1 in Conjurations
  4483 | D:5      | Killed Duvessa
  4514 | D:5      | Killed Dowan
  4514 | D:5      | Reached skill level 5 in Short Blades
  4514 | D:5      | Gained mutation: You have very sharp fingernails. [demonic
                  | ancestry]
  4514 | D:5      | Reached XP level 8. HP: 29/61 MP: 9/9
  4608 | D:6      | Learned a level 1 spell: Magic Dart
  4622 | D:5      | Noticed Edmund
  4978 | D:5      | Reached skill level 5 in Stealth
  5000 | D:5      | Noticed Pikel
  5641 | D:5      | HP: 2/61 [Edmund/+6 flail of holy wrath (10)]
  5693 | D:5      | Slain by Edmund

Levels and vault maps discovered:
D:1:      psy_arrival_fountain, layout_loops_ring, grunt_decor_arrowhead,
          serial_bayou_pond_e, wander_ebering_terrifying_dragon_lair
D:2:      layout_basic, overflow_temple_1_default,
          gammafunk_temple_overflow_forgotten
D:3:      layout_basic, overflow_temple_1_default, kiku_gazebo_pond_becter,
          lemuel_doored_altar, chequers_ecumenical_altar_grove, uniq_sigmund,
          uniq_grinder
D:4:      layout_loops_ring, first_ration
D:5:      layout_basic, uniq_edmund, uniq_pikel, uniq_duvessa
D:6:      layout_loops_ring, nicolae_dithmenos_the_darkroom

Skill      XL: |  1  2  3  4  5  6  7  8 |
---------------+-------------------------+-----
Stealth        | 2 3 4 5 |  5.0
Armour         | 1 2 3 |  3.2
Short Blades   | 3 4 5 |  5.2
Fighting       | 4 |  4.8
Dodging        | 3 4 |  4.0
Invocations    | 1 2 |  2.0
Throwing       | 1 |  1.8
Conjurations   | 1 2 |  2.1

Action                   |  1- 3 |  4- 6 |  7- 9 || total
-------------------------+-------+-------+-------++-------
Melee: Short sword       |    52 |       |   162 ||   214
       Dagger            |    87 |   173 |   114 ||   374
       Scythe            |       |       |    17 ||    17
       Unarmed           |       |       |     1 ||     1
Throw: Stone             |       |     3 |    26 ||    29
       Dart              |       |    15 |    18 ||    33
 Cast: Magic Dart        |       |       |     5 ||     5
       Conjure Flame     |       |       |     5 ||     5
Invok: Heroism           |       |     1 |       ||     1
  Use: Potion            |       |     1 |     5 ||     6
       Scroll            |       |       |     3 ||     3
 Stab: Sleeping          |     7 |     2 |     7 ||    16
  Eat: Chunk             |     2 |     4 |     9 ||    15
Armor: Robe              |     2 |       |    44 ||    46
       Leather armour    |    21 |    19 |    16 ||    56
       Skin              |       |       |     4 ||     4
Dodge: Dodged            |    57 |    56 |   116 ||   229
Block: Other             |     6 |    17 |    36 ||    59
